 Dungeon Crawl Stone Soup version 0.29.0-4-gdea44cf6ec (webtiles) character file.

Game seed: 18302533747400869078

89227 qw the Severer (level 15, -4/94 HPs)
             Began as a Tengu Warper on Aug 28, 2022.
             Was a High Priest of Okawaru.
             Slain by a two-headed ogre
             ... wielding a +0 giant club
              (16 damage)
             ... while paralysed by an ogre mage
             ... on level 15 of the Dungeon.
             The game lasted 00:03:08 (28036 turns).

qw the Severer (Tengu Warper)                      Turns: 28036, Time: 00:03:08

Health: -4/94      AC: 27    Str: 18    XL:     15   Next: 96%
Magic:  23/23      EV:  2    Int: 19    God:    Okawaru [*****.]
Gold:   1463       SH:  0    Dex: 14    Spells: 18/18 levels left

rFire   + . .      SeeInvis +   s - +5 broad axe of Ezaxaich {vamp, +Blink rPois Int+5 SInv}
rCold   . . .      Faith    .   o - +0 kite shield
rNeg    + . .      Spirit   .   q - +3 plate armour
rPois   +          Reflect  +   b - +1 hat of Gofrep {rPois SInv}
rElec   .          Harm     .   g - +2 cloak
rCorr   .          Rampage  .   l - +1 pair of gloves of Quantum Leap {rF+ rN+ SInv}
Will    +....                   (boots unavailable)
Stlth   ..........              k - amulet of reflection
HPRegen 0.25/turn               i - +4 ring of evasion
MPRegen 0.18/turn               (no ring)

@: paralysed, heroic, flying quickly and evasively, quick
A: beak, talons 3, nimble flight
a: Renounce Religion, Evoke Blink, Heroism, Finesse, Duel


You were on level 15 of the Dungeon.
You worshipped Okawaru.
Okawaru was extremely pleased with you.
You visited 3 branches of the dungeon, and saw 21 of its levels.

You collected 1765 gold pieces.
You spent 302 gold pieces at shops.


Innate Abilities, Weirdness & Mutations

You have a beak for a mouth.
You have claws for feet.
Your magical nature lets you fly swiftly and evasively.


   Skills:
 - Level 11.0(16.0) Fighting
 - Level 18.0(23.0) Axes
 + Level 7.7(12.7) Throwing
 - Level 11.0(16.0) Armour
 - Level 6.1(11.1) Dodging
 - Level 11.0(16.0) Shields
 - Level 2.0 Spellcasting
 - Level 2.4 Translocations
 - Level 10.0 Invocations


You had 18 spell levels left.
You didn't know any spells.
Your spell library contained the following spells:

 Spells                   Type           Power      Damage    Failure   Level
 Blink                    Tloc           22%        N/A       91%         2
 Gell's Gravitas          Tloc           11%        N/A       99%         3
 Lesser Beckoning         Tloc           11%        N/A       99%         3
 Teleport Other           Tloc           11%        N/A       99%         3
 Manifold Assault         Tloc           11%        N/A       100%        5

Inventory:

Hand Weapons
 c - a +0 morningstar
 s - the +5 broad axe of Ezaxaich (weapon) {vamp, +Blink rPois Int+5 SInv}
   (Okawaru gifted it to you on level 3 of the Lair of Beasts)

   It occasionally heals its wielder for a portion of the damage dealt when it
   wounds a living foe.
   Int:       It affects your intelligence (+5).
   rPois:     It protects you from poison.
   SInv:      It lets you see invisible.
   +Blink:    It lets you blink.
Missiles
 u - a silver javelin (quivered)
Armour
 b - the +1 hat of Gofrep (worn) {rPois SInv}
   (Okawaru gifted it to you on level 11 of the Dungeon)

   rPois:     It protects you from poison.
   SInv:      It lets you see invisible.
 g - a +2 cloak (worn)
 l - the +1 pair of gloves of Quantum Leap (worn) {rF+ rN+ SInv}
   (Okawaru gifted it to you on level 5 of the Lair of Beasts)

   rF:        It protects you from fire.
   rN:        It protects you from negative energy.
   SInv:      It lets you see invisible.
 o - a +0 kite shield (worn)
 q - a +3 plate armour (worn)
 t - a +2 pair of gloves
Jewellery
 d - a ring of fire
 h - a ring of ice
 i - a +4 ring of evasion (left hand)
 k - an amulet of reflection (around neck)
 r - a ring of fire
Scrolls
 a - a scroll of identify
 m - 4 scrolls of teleportation
Potions
 e - a potion of haste
 f - 12 potions of curing
 j - 2 potions of might
 p - 2 potions of heal wounds

Dungeon Overview and Level Annotations

Branches:
Dungeon (15/15)            Temple (1/1) D:4            Lair (5/5) D:11
 Shoals (0/4) Lair:2        Snake (0/4) Lair:2        Slime (0/5) Lair:4
    Orc (0/2) D:11         Vaults (0/5) D:14
 Depths: D:15

Altars:
Ashenzari
Cheibriados
Dithmenos
Elyvilon
Fedhas
Gozag
Hepliaklqana
Kikubaaqudgha
Makhleb
Nemelex Xobeh
Okawaru
Qazlal
Ru
Sif Muna
Trog
Uskayaw
Vehumet
Wu Jian
Xom
Yredelemnul
Zin
The Shining One
Jiyva

Shops:
D:5 (

Annotations:
Lair:2 1 runed translucent door, qw's ghost, journeyman TeWr


Message History

Your kick misses the two-headed ogre.
You peck the two-headed ogre, but do no damage.
The two-headed ogre is moderately wounded.
You hit the two-headed ogre. x2; You feel better.
You block the two-headed ogre's attack.
The two-headed ogre hits you with a +0 giant club.
You slash the two-headed ogre!
You feel better.
The two-headed ogre is severely wounded.
You hit the two-headed ogre.
You feel better.
You hit the two-headed ogre.
You feel better.
You slice the ogre mage!!
You feel better. The two-headed ogre misses you. x2
The ogre mage hits you but does no damage.
You are electrocuted!!
The two-headed ogre hits you with a +0 giant spiked club!!
You block the two-headed ogre's attack. The two-headed ogre closely misses you.
You block the two-headed ogre's attack.
You slash the two-headed ogre!
You feel better.
You peck the two-headed ogre.
You kill the two-headed ogre!
Okawaru accepts your kill.
You slash the two-headed ogre! You closely miss the ogre mage.
You hit the two-headed ogre.
The two-headed ogre completely misses you.
The two-headed ogre hits you with a +0 giant club.
You slash the two-headed ogre! You claw the two-headed ogre.
The two-headed ogre is almost dead.
You hit the ogre mage but do no damage. You hit the two-headed ogre.
A meliai comes into view. It is wielding a +0 war axe.
The ogre mage gestures at you while chanting.
You suddenly lose the ability to move!
The two-headed ogre hits you but does no damage.
The two-headed ogre hits you with a +0 giant club.
The ogre mage hits you with a +1 whip of electrocution.
The two-headed ogre hits you with a +0 giant spiked club.
The two-headed ogre hits you with a +0 giant club!
The two-headed ogre hits you with a +0 giant club!!
The two-headed ogre hits you but does no damage.
The two-headed ogre hits you but does no damage. x2
The ogre hits you but does no damage.
The two-headed ogre hits you with a +0 giant club!
You die...

..............
7.............
7.............
7$............
P77...........
..).....O...#
......OyO..# .
#..O@O.# ..
##....).# ....
#......##
.....#...#.##
.....#..####
#......###
#........# ####
#.........####..##
.....##....#.....#


You could see 3 two-headed ogres, an ogre mage (invisible), an ogre and a
meliai.

Vanquished Creatures
  Rupert (D:14)
  A rakshasa (D:13)
  8 hydras
  3 boulder beetles
  Erica (D:10)
  3 ogre magi
  10 two-headed ogres
  4 centaur warriors
  9 death yaks
  Sonja (D:13)
  A skeletal warrior (D:14)
  An orc knight (D:14)
  A harpy (shapeshifter) (D:14)
  Pikel (D:6)
  3 deep elf pyromancers
  2 ugly things
  2 manticores
  3 cyclopes
  11 elephants
  A gargoyle (D:11)
  6 black mambas
  4 centaur skeletons (D:14)
  14 cane toads
  6 rime drakes
  2 unseen horrors
  3 kobold demonologists
  8 komodo dragons
  An efreet (D:14)
  2 tengu conjurers (D:10)
  6 meliai
  7 hornets (Lair:5)
  2 queen bees
  5 trolls
  4 polar bears
  7 dream sheep
  5 slime creatures (D:12)
  25 blink frogs
  A centaur simulacrum (D:14)
  2 vampires
  71 yaks
  13 spriggans (Lair:5)
  10 wyverns
  2 wraiths (D:11)
  6 basilisks
  11 vampire mosquitoes
  3 steam dragons
  4 acid dragons
  11 water moccasins
  7 orc warriors
  2 ice beasts
  4 black bears
  2 sky beasts
  8 ogres
  3 boggarts (Lair:5)
  14 centaurs
  27 wolves
  3 lemures (D:6)
  3 kobold brigands (D:12)
  2 necrophages (D:6)
  9 bullfrogs
  4 scorpions
  6 wights
  79 killer bees
  7 electric eels
  2 howler monkeys
  A gnoll bouda (D:5)
  3 hounds
  5 orc priests
  3 iguanas
  12 orc wizards
  8 adders
  15 gnolls
  A white imp (D:6)
  2 ufetubi (D:6)
  A worm (D:2)
  6 dart slugs
  35 orcs
  3 endoplasms
  4 giant cockroaches
  14 goblins
  9 hobgoblins
  5 quokkas
  6 ball pythons
  5 bats
  12 frilled lizards (D:1)
  9 kobolds
  4 rats
653 creatures vanquished.

Vanquished Creatures (others)
  45 fungi
  79 plants
124 creatures vanquished.

Grand Total: 777 creatures vanquished

Notes
Turn   | Place    | Note
-------+----------+-------------------------------------------
     0 | D:1      | qw the Tengu Warper began the quest for the Orb.
     0 | D:1      | Reached XP level 1. HP: 12/12 MP: 4/4
     0 | D:1      | 0 ||| qw: Version: 0.1-a-89-g26bdef1
     0 | D:1      | 0 ||| qw: Game counter: 2493
     0 | D:1      | 0 ||| qw: Always use a shield: true
     0 | D:1      | 0 ||| qw: God list: Okawaru
     0 | D:1      | 0 ||| qw: Allow faded altars: false
     0 | D:1      | 0 ||| qw: Do Orc after D:15 true
     0 | D:1      | 0 ||| qw: Do second Lair branch before Depths: true
     0 | D:1      | 0 ||| qw: Lair rune preference: random
     0 | D:1      | 0 ||| qw: Plans: Normal
     0 | D:1      | 0 ||| PLANNING D:1-11
   339 | D:1      | Reached skill level 3 in Axes
   339 | D:1      | Reached XP level 2. HP: 17/17 MP: 6/6
   439 | D:1      | 439 ||| Stepping ~*~*~tactically~*~*~ (stealth).
   440 | D:1      | 440 ||| Stepping ~*~*~tactically~*~*~ (stealth).
   441 | D:1      | 441 ||| Stepping ~*~*~tactically~*~*~ (stealth).
   467 | D:1      | 467 ||| Stepping ~*~*~tactically~*~*~ (stealth).
   469 | D:1      | 469 ||| Stepping ~*~*~tactically~*~*~ (stealth).
   482 | D:1      | 482 ||| DROPPING +0 club.
   484 | D:1      | 484 ||| Stepping ~*~*~tactically~*~*~ (stealth).
   700 | D:1      | Reached XP level 3. HP: 21/21 MP: 7/7
   908 | D:1      | Reached skill level 4 in Axes
  1089 | D:1      | 1089 ||| UPGRADING to +2 cloak.
  1094 | D:1      | 1094 ||| READING scroll labelled PUADYU PUBRAV.
  1095 | D:1      | 1095 ||| READING 2 scrolls labelled ZEN GEOLAA.
  1098 | D:1      | 1098 ||| DRINKING 2 glowing puce potions.
  1099 | D:1      | 1099 ||| DROPPING scroll of blinking.
  1419 | D:2      | 1419 ||| Stepping ~*~*~tactically~*~*~ (stealth).
  1421 | D:2      | 1421 ||| Stepping ~*~*~tactically~*~*~ (stealth).
  1749 | D:2      | Found a faded altar of an unknown god.
  1808 | D:2      | 1808 ||| FLEEEEING.
  1882 | D:2      | 1882 ||| Stepping ~*~*~tactically~*~*~ (stealth).
  1883 | D:2      | 1883 ||| Stepping ~*~*~tactically~*~*~ (stealth).
  2081 | D:2      | Reached XP level 4. HP: 17/26 MP: 8/8
  2094 | D:2      | 2094 ||| FLEEEEING.
  2100 | D:2      | 2100 ||| STAIRDANCE
  2183 | D:1      | 2183 ||| READING 2 scrolls labelled POXKUDUUTA.
  2184 | D:1      | 2184 ||| READING 2 scrolls labelled HUCIOJA TYATS.
  2193 | D:2      | 2193 ||| STAIRDANCE
  2532 | D:3      | Reached skill level 5 in Axes
  2546 | D:3      | 2546 ||| Stepping ~*~*~tactically~*~*~ (stealth).
  2547 | D:3      | 2547 ||| Stepping ~*~*~tactically~*~*~ (stealth).
  2549 | D:3      | 2549 ||| Stepping ~*~*~tactically~*~*~ (stealth).
  2775 | D:3      | 2775 ||| Stepping ~*~*~tactically~*~*~ (stealth).
  2913 | D:3      | 2913 ||| Stepping ~*~*~tactically~*~*~ (stealth).
  2914 | D:3      | 2914 ||| SWAPPING to +0 war axe.
  2922 | D:3      | HP: 5/26 [orc priest/+0 whip (4)]
  2923 | D:3      | 2923 ||| READING scroll of teleportation.
  2927 | D:3      | Gained mutation: Your magical nature lets you fly swiftly
                  | and evasively. [Tengu growth]
  2927 | D:3      | Reached XP level 5. HP: 7/30 MP: 9/9
  2933 | D:3      | HP: 5/30 [goblin/+0 club (2)]
  3176 | D:3      | 3176 ||| DROPPING +0 hand axe.
  3234 | D:3      | Found a hazy altar of Hepliaklqana.
  3316 | D:3      | Found a faded altar of an unknown god.
  3321 | D:3      | Found a radiant altar of Vehumet.
  3387 | D:3      | 3387 ||| DROPPING +0 mace.
  3465 | D:3      | 3465 ||| Stepping ~*~*~tactically~*~*~ (stealth).
  3466 | D:3      | 3466 ||| Stepping ~*~*~tactically~*~*~ (stealth).
  3601 | D:3      | 3601 ||| UPGRADING to +0 scale mail of fire resistance.
  3611 | D:3      | 3611 ||| DROPPING +0 leather armour.
  3612 | D:3      | 3612 ||| READING scroll labelled HIZXUN SACRO.
  3613 | D:3      | 3613 ||| READING scroll labelled LUSOESH MEPONN.
  3614 | D:3      | 3614 ||| READING scroll labelled WAEHAC AZIES.
  3615 | D:3      | 3615 ||| READING scroll labelled WIUNAO DUXY.
  3831 | D:3      | 3831 ||| Stepping randomly (stuck).
  3847 | D:4      | Found a staircase to the Ecumenical Temple.
  3848 | D:4      | 3848 ||| PLANNING TEMPLE
  3860 | Temple   | Entered the Ecumenical Temple
  3959 | Temple   | Became a worshipper of Warmaster Okawaru
  4049 | Temple   | 4049 ||| PLANNING D:1-11
  4107 | D:4      | Reached skill level 6 in Axes
  4382 | D:4      | Reached XP level 6. HP: 35/35 MP: 10/10
  4408 | D:4      | Reached skill level 7 in Axes
  4444 | D:4      | 4444 ||| Stepping ~*~*~tactically~*~*~ (hiding).
  4445 | D:4      | 4445 ||| Stepping ~*~*~tactically~*~*~ (hiding).
  4624 | D:4      | 4624 ||| Stepping ~*~*~tactically~*~*~ (hiding).
  4709 | D:4      | 4709 ||| Stepping ~*~*~tactically~*~*~ (stealth).
  4710 | D:4      | 4710 ||| Stepping ~*~*~tactically~*~*~ (stealth).
  4711 | D:4      | 4711 ||| Stepping ~*~*~tactically~*~*~ (stealth).
  4723 | D:4      | 4723 ||| Stepping ~*~*~tactically~*~*~ (stealth).
  4731 | D:4      | Reached * piety under Okawaru
  4732 | D:4      | Reached skill level 3 in Fighting
  4764 | D:4      | 4764 ||| Stepping ~*~*~tactically~*~*~ (stealth).
  4766 | D:4      | 4766 ||| Stepping ~*~*~tactically~*~*~ (stealth).
  5160 | D:4      | 5160 ||| READING 3 scrolls of identify.
  5160 | D:4      | 5160 ||| IDENTIFYING brown potion
  5161 | D:4      | 5161 ||| DROPPING potion of brilliance.
  5169 | D:3      | 5169 ||| Stepping randomly (stuck).
  5225 | D:3      | 5225 ||| Stepping randomly (stuck).
  5248 | D:5      | Entered Level 5 of the Dungeon
  5252 | D:5      | 5252 ||| Stepping ~*~*~tactically~*~*~ (hiding).
  5254 | D:5      | 5254 ||| INVOKING Heroism.
  5265 | D:5      | Reached skill level 1 in Invocations
  5275 | D:5      | Reached XP level 7. HP: 41/41 MP: 11/11
  5290 | D:5      | 5290 ||| INVOKING Heroism.
  5303 | D:5      | 5303 ||| INVOKING Heroism.
  5309 | D:5      | HP: 6/41 [gnoll/+0 halberd[a gnoll bouda] (9)]
  5573 | D:5      | 5573 ||| INVOKING Heroism.
  5599 | D:5      | 5599 ||| DROPPING +0 flail.
  5917 | D:5      | Found Wobrupemn's Weapon Boutique.
  5928 | D:5      | 5928 ||| BUYING +3 war axe of draining (302 gold).
  5928 | D:5      | Bought a +3 war axe of draining for 302 gold pieces
  5928 | D:5      | 5928 ||| SWAPPING to +3 war axe of draining.
  5929 | D:5      | 5929 ||| DROPPING +0 war axe.
  5950 | D:5      | 5950 ||| INVOKING Heroism.
  5981 | D:5      | Reached skill level 8 in Axes
  6074 | D:5      | 6074 ||| FLEEEEING.
  6078 | D:5      | 6078 ||| STAIRDANCE
  6180 | D:4      | 6180 ||| DROPPING ring of wizardry.
  6181 | D:4      | 6181 ||| READING 2 scrolls of identify.
  6181 | D:4      | 6181 ||| IDENTIFYING fizzy brown potion
  6182 | D:4      | 6182 ||| DROPPING potion of flight.
  6185 | D:5      | 6185 ||| INVOKING Heroism.
  6187 | D:5      | Reached skill level 3 in Invocations
  6187 | D:5      | 6187 ||| STAIRDANCE
  6582 | D:6      | Reached XP level 8. HP: 37/46 MP: 12/12
  6682 | D:6      | Reached ** piety under Okawaru
  6691 | D:6      | 6691 ||| Stepping ~*~*~tactically~*~*~ (stealth).
  6761 | D:6      | 6761 ||| Stepping ~*~*~tactically~*~*~ (stealth).
  6763 | D:6      | 6763 ||| Stepping ~*~*~tactically~*~*~ (stealth).
  6789 | D:6      | 6789 ||| INVOKING Heroism.
  6799 | D:6      | Reached skill level 9 in Axes
  6824 | D:6      | 6824 ||| FLEEEEING.
  6825 | D:6      | 6825 ||| FLEEEEING.
  6826 | D:6      | 6826 ||| FLEEEEING.
  6827 | D:6      | 6827 ||| FLEEEEING.
  6828 | D:6      | 6828 ||| FLEEEEING.
  6829 | D:6      | 6829 ||| FLEEEEING.
  6830 | D:6      | 6830 ||| FLEEEEING.
  6831 | D:6      | 6831 ||| STAIRDANCE
  7002 | D:5      | 7002 ||| UPGRADING to +0 chain mail.
  7012 | D:5      | 7012 ||| READING scroll labelled FIFOACZ CIQAF.
  7017 | D:6      | 7017 ||| STAIRDANCE
  7121 | D:6      | 7121 ||| INVOKING Heroism.
  7133 | D:6      | Reached skill level 3 in Armour
  7145 | D:6      | 7145 ||| INVOKING Heroism.
  7497 | D:6      | 7497 ||| INVOKING Heroism.
  7498 | D:6      | Noticed Pikel
  7514 | D:6      | Killed Pikel
  7514 | D:6      | Reached *** piety under Okawaru
  7515 | D:6      | Reached skill level 10 in Axes
  7515 | D:6      | Reached XP level 9. HP: 24/52 MP: 13/13
  8097 | D:7      | 8097 ||| INVOKING Heroism.
  8229 | D:7      | 8229 ||| INVOKING Heroism.
  8429 | D:7      | 8429 ||| INVOKING Heroism.
  8616 | D:7      | 8616 ||| INVOKING Heroism.
  8794 | D:7      | 8794 ||| Stepping ~*~*~tactically~*~*~ (hiding).
  8796 | D:7      | 8796 ||| Stepping ~*~*~tactically~*~*~ (hiding).
  8802 | D:7      | 8802 ||| FLEEEEING.
  8803 | D:7      | 8803 ||| FLEEEEING.
  8804 | D:7      | 8804 ||| FLEEEEING.
  8805 | D:7      | 8805 ||| FLEEEEING.
  8806 | D:7      | 8806 ||| FLEEEEING.
  8807 | D:7      | 8807 ||| FLEEEEING.
  8809 | D:7      | 8809 ||| FLEEEEING.
  8810 | D:7      | 8810 ||| FLEEEEING.
  8811 | D:7      | 8811 ||| FLEEEEING.
  8812 | D:7      | 8812 ||| FLEEEEING.
  8813 | D:7      | 8813 ||| FLEEEEING.
  8814 | D:7      | 8814 ||| FLEEEEING.
  8962 | D:7      | Found an ornate altar of the Wu Jian Council.
  9005 | D:7      | 9005 ||| INVOKING Heroism.
  9007 | D:7      | HP: 11/50 [wight/+3 falchion (3)]
  9008 | D:7      | 9008 ||| READING 3 scrolls of teleportation.
  9299 | D:7      | Noticed a balrug
  9300 | D:7      | Found a burning altar of Makhleb.
  9304 | D:7      | Found a glowing silver altar of Zin.
  9304 | D:7      | Noticed an angel
  9322 | D:7      | 9322 ||| Stepping ~*~*~tactically~*~*~ (stealth).
  9532 | D:7      | 9532 ||| Stepping ~*~*~tactically~*~*~ (hiding).
  9539 | D:7      | 9539 ||| INVOKING Heroism.
  9541 | D:7      | Reached skill level 11 in Axes
  9549 | D:7      | Reached skill level 3 in Dodging
  9672 | D:7      | 9672 ||| INVOKING Heroism.
  9725 | D:7      | 9725 ||| INVOKING Heroism.
  9878 | D:7      | Found a sparkling altar of Nemelex Xobeh.
 10045 | D:7      | 10045 ||| DROPPING +0 scale mail of fire resistance.
 10046 | D:7      | 10046 ||| UPGRADING to +0 kite shield.
 10051 | D:7      | 10051 ||| DROPPING scarf of harm.
 10052 | D:7      | 10052 ||| UPGRADING to +0 plate armour.
 10062 | D:7      | 10062 ||| DROPPING +0 chain mail.
 10063 | D:7      | 10063 ||| READING scroll of enchant armour.
 10063 | D:7      | 10063 ||| ENCHANTING +0 plate armour.
 10064 | D:7      | 10064 ||| READING 3 scrolls of identify.
 10064 | D:7      | 10064 ||| IDENTIFYING viscous yellow potion
 10065 | D:7      | 10065 ||| READING 2 scrolls of identify.
 10065 | D:7      | 10065 ||| IDENTIFYING smoky amethyst potion
 10066 | D:7      | 10066 ||| DROPPING potion of lignification.
 10067 | D:7      | 10067 ||| DROPPING potion of attraction.
 10216 | D:8      | 10216 ||| Stepping ~*~*~tactically~*~*~ (stealth).
 10227 | D:8      | 10227 ||| INVOKING Heroism.
 10236 | D:8      | Reached skill level 3 in Shields
 10236 | D:8      | Reached XP level 10. HP: 27/59 MP: 12/14
 10241 | D:8      | 10241 ||| FLEEEEING.
 10242 | D:8      | 10242 ||| FLEEEEING.
 10243 | D:8      | 10243 ||| FLEEEEING.
 10244 | D:8      | 10244 ||| FLEEEEING.
 10245 | D:8      | 10245 ||| FLEEEEING.
 10246 | D:8      | 10246 ||| FLEEEEING.
 10247 | D:8      | 10247 ||| FLEEEEING.
 10248 | D:8      | 10248 ||| FLEEEEING.
 10253 | D:8      | 10253 ||| INVOKING Heroism.
 10515 | D:8      | 10515 ||| Stepping ~*~*~tactically~*~*~ (stealth).
 10519 | D:8      | 10519 ||| INVOKING Heroism.
 10520 | D:8      | 10520 ||| Stepping ~*~*~tactically~*~*~ (stealth).
 10578 | D:8      | 10578 ||| DROPPING +2 vorpal flail.
 10862 | D:8      | 10862 ||| Stepping ~*~*~tactically~*~*~ (hiding).
 11004 | D:8      | 11004 ||| INVOKING Heroism.
 11076 | D:9      | 11076 ||| INVOKING Heroism.
 11086 | D:9      | Reached skill level 6 in Shields
 11100 | D:9      | Reached **** piety under Okawaru
 11296 | D:9      | 11296 ||| INVOKING Heroism.
 11493 | D:9      | 11493 ||| Stepping ~*~*~tactically~*~*~ (hiding).
 11494 | D:9      | 11494 ||| Stepping ~*~*~tactically~*~*~ (hiding).
 11498 | D:9      | 11498 ||| Stepping ~*~*~tactically~*~*~ (hiding).
 11499 | D:9      | 11499 ||| Stepping ~*~*~tactically~*~*~ (hiding).
 11500 | D:9      | 11500 ||| INVOKING Heroism.
 11522 | D:9      | HP: 10/59 [yak (6)]
 11523 | D:9      | 11523 ||| READING 3 scrolls of teleportation.
 11969 | D:9      | 11969 ||| INVOKING Heroism.
 11973 | D:9      | Reached skill level 12 in Axes
 11976 | D:9      | 11976 ||| Stepping ~*~*~tactically~*~*~ (cloud).
 12340 | D:9      | 12340 ||| Stepping ~*~*~tactically~*~*~ (stealth).
 12341 | D:9      | 12341 ||| Stepping ~*~*~tactically~*~*~ (stealth).
 12344 | D:9      | 12344 ||| INVOKING Heroism.
 12390 | D:9      | 12390 ||| INVOKING Heroism.
 12517 | D:9      | 12517 ||| SWAPPING to +4 war axe of freezing.
 12518 | D:9      | 12518 ||| DROPPING +3 war axe of draining.
 12562 | D:9      | 12562 ||| INVOKING Heroism.
 12694 | D:9      | 12694 ||| Stepping ~*~*~tactically~*~*~ (stealth).
 12698 | D:9      | 12698 ||| INVOKING Heroism.
 12793 | D:9      | 12793 ||| Stepping ~*~*~tactically~*~*~ (stealth).
 12941 | D:9      | 12941 ||| Stepping ~*~*~tactically~*~*~ (stealth).
 12946 | D:9      | 12946 ||| INVOKING Heroism.
 12956 | D:9      | Reached skill level 6 in Armour
 12958 | D:9      | Reached XP level 11. HP: 64/64 MP: 14/16
 12964 | D:9      | Reached skill level 6 in Invocations
 13212 | D:9      | 13212 ||| UPGRADING to amulet of reflection.
 13217 | D:9      | 13217 ||| UPGRADING to +4 ring of evasion.
 13218 | D:9      | 13218 ||| DRINKING 2 lumpy golden potions.
 13219 | D:9      | 13219 ||| READING 2 scrolls of identify.
 13219 | D:9      | 13219 ||| IDENTIFYING lumpy orange potion
 13220 | D:9      | 13220 ||| DROPPING potion of invisibility.
 13221 | D:9      | 13221 ||| DROPPING potion of degeneration.
 13232 | D:10     | Entered Level 10 of the Dungeon
 13430 | D:10     | 13430 ||| Stepping ~*~*~tactically~*~*~ (hiding).
 13435 | D:10     | 13435 ||| INVOKING Heroism.
 13445 | D:10     | Reached skill level 6 in Fighting
 13623 | D:10     | 13623 ||| Stepping ~*~*~tactically~*~*~ (stealth).
 13626 | D:10     | 13626 ||| INVOKING Heroism.
 13706 | D:10     | Found a blossoming altar of Fedhas.
 13885 | D:10     | Noticed Erica
 13887 | D:10     | 13887 ||| INVOKING Heroism.
 13902 | D:10     | HP: 16/64 [something (5)]
 13906 | D:10     | Killed Erica
 14327 | D:10     | Noticed a two-headed ogre
 14328 | D:10     | 14328 ||| INVOKING Heroism.
 14333 | D:10     | Killed a two-headed ogre
 14454 | D:10     | 14454 ||| Stepping ~*~*~tactically~*~*~ (hiding).
 14458 | D:10     | 14458 ||| INVOKING Heroism.
 14468 | D:10     | 14468 ||| Stepping ~*~*~tactically~*~*~ (cloud).
 14478 | D:10     | 14478 ||| Stepping ~*~*~tactically~*~*~ (stealth).
 14479 | D:10     | 14479 ||| Stepping ~*~*~tactically~*~*~ (stealth).
 14728 | D:10     | 14728 ||| READING scroll labelled VAIHASCHOIKH.
 14729 | D:10     | 14729 ||| READING 2 scrolls of identify.
 14729 | D:10     | 14729 ||| IDENTIFYING pink potion
 14730 | D:10     | 14730 ||| DROPPING potion of ambrosia.
 14774 | D:11     | 14774 ||| INVOKING Heroism.
 14844 | D:11     | 14844 ||| INVOKING Heroism.
 14845 | D:11     | Reached ***** piety under Okawaru
 15137 | D:11     | You are sucked into a shaft and drop 1 floor!
 15145 | D:11     | Found a staircase to the Orcish Mines.
 15219 | D:11     | Noticed a six-headed hydra
 15220 | D:11     | 15220 ||| INVOKING Heroism.
 15221 | D:11     | 15221 ||| INVOKING Finesse.
 15225 | D:11     | 15225 ||| SWAPPING to +0 morningstar.
 15230 | D:11     | Killed a six-headed hydra
 15231 | D:11     | 15231 ||| SWAPPING to +4 war axe of freezing.
 15286 | D:11     | 15286 ||| FLEEEEING.
 15287 | D:11     | 15287 ||| FLEEEEING.
 15338 | D:11     | 15338 ||| Stepping ~*~*~tactically~*~*~ (stealth).
 15442 | D:11     | 15442 ||| FLEEEEING.
 15443 | D:11     | 15443 ||| FLEEEEING.
 15444 | D:11     | 15444 ||| FLEEEEING.
 15446 | D:11     | 15446 ||| INVOKING Heroism.
 15480 | D:11     | Identified the +1 hat of Gofrep {rPois SInv} (Okawaru
                  | gifted it to you on level 11 of the Dungeon)
 15480 | D:11     | Received a gift from Okawaru
 15481 | D:11     | Reached skill level 13 in Axes
 15568 | D:11     | Found a staircase to the Lair.
 15744 | D:11     | Noticed a boulder beetle
 15745 | D:11     | 15745 ||| INVOKING Heroism.
 15746 | D:11     | 15746 ||| INVOKING Finesse.
 15769 | D:11     | Killed a boulder beetle
 15770 | D:11     | Reached XP level 12. HP: 57/70 MP: 13/19
 15893 | D:11     | 15893 ||| PLANNING LAIR
 15893 | D:11     | 15893 ||| UPGRADING to +1 hat of Gofrep {rPois SInv}.
 15926 | Lair:1   | Entered Level 1 of the Lair of Beasts
 15926 | Lair:1   | Noticed a death yak
 15926 | Lair:1   | Noticed a death yak
 15926 | Lair:1   | Noticed a death yak
 15927 | Lair:1   | 15927 ||| INVOKING Heroism.
 15928 | Lair:1   | 15928 ||| INVOKING Finesse.
 15935 | Lair:1   | Killed a death yak
 15939 | Lair:1   | Killed a death yak
 15940 | Lair:1   | Reached skill level 9 in Invocations
 15955 | Lair:1   | Killed a death yak
 16082 | Lair:1   | 16082 ||| INVOKING Heroism.
 16201 | Lair:1   | 16201 ||| Stepping ~*~*~tactically~*~*~ (stealth).
 16251 | Lair:1   | 16251 ||| Stepping ~*~*~tactically~*~*~ (stealth).
 16252 | Lair:1   | 16252 ||| Stepping ~*~*~tactically~*~*~ (stealth).
 16256 | Lair:1   | 16256 ||| Stepping ~*~*~tactically~*~*~ (stealth).
 16257 | Lair:1   | 16257 ||| Stepping ~*~*~tactically~*~*~ (stealth).
 16259 | Lair:1   | 16259 ||| Stepping ~*~*~tactically~*~*~ (stealth).
 16261 | Lair:1   | 16261 ||| Stepping ~*~*~tactically~*~*~ (stealth).
 16262 | Lair:1   | 16262 ||| Stepping ~*~*~tactically~*~*~ (stealth).
 16266 | Lair:1   | 16266 ||| INVOKING Heroism.
 16420 | Lair:1   | 16420 ||| Stepping ~*~*~tactically~*~*~ (stealth).
 16422 | Lair:1   | 16422 ||| INVOKING Heroism.
 16597 | Lair:1   | 16597 ||| INVOKING Heroism.
 16598 | Lair:1   | 16598 ||| Stepping ~*~*~tactically~*~*~ (stealth).
 16634 | Lair:1   | Reached skill level 14 in Axes
 16634 | Lair:1   | 16634 ||| Stepping ~*~*~tactically~*~*~ (stealth).
 16635 | Lair:1   | 16635 ||| Stepping ~*~*~tactically~*~*~ (stealth).
 16673 | Lair:1   | 16673 ||| Stepping ~*~*~tactically~*~*~ (stealth).
 16883 | Lair:1   | 16883 ||| INVOKING Heroism.
 16997 | Lair:1   | 16997 ||| Stepping ~*~*~tactically~*~*~ (stealth).
 17013 | Lair:1   | 17013 ||| Stepping ~*~*~tactically~*~*~ (stealth).
 17103 | Lair:1   | 17103 ||| INVOKING Heroism.
 17455 | Lair:1   | 17455 ||| READING scroll labelled CATO ARYOHA.
 17456 | Lair:1   | 17456 ||| READING scroll labelled HUSUNL BEKAEDE.
 17457 | Lair:1   | 17457 ||| READING 2 scrolls of identify.
 17457 | Lair:1   | 17457 ||| IDENTIFYING fizzy cyan potion
 17484 | Lair:2   | 17484 ||| INVOKING Heroism.
 17496 | Lair:2   | HP: 18/72 [poisoned by a water moccasin]
 17565 | Lair:2   | 17565 ||| FLEEEEING.
 17566 | Lair:2   | 17566 ||| STAIRDANCE
 17745 | Lair:2   | 17745 ||| STAIRDANCE
 17747 | Lair:1   | 17747 ||| INVOKING Heroism.
 17852 | Lair:2   | 17852 ||| STAIRDANCE
 17854 | Lair:1   | 17854 ||| INVOKING Heroism.
 17860 | Lair:1   | Reached skill level 9 in Shields
 17868 | Lair:2   | 17868 ||| STAIRDANCE
 17908 | Lair:2   | 17908 ||| INVOKING Heroism.
 17917 | Lair:2   | Received a gift from Okawaru
 17929 | Lair:2   | Reached XP level 13. HP: 63/76 MP: 21/21
 18009 | Lair:2   | 18009 ||| INVOKING Heroism.
 18010 | Lair:2   | 18010 ||| INVOKING Finesse.
 18012 | Lair:2   | 18012 ||| SWAPPING to +0 morningstar.
 18022 | Lair:2   | 18022 ||| SWAPPING to +4 war axe of freezing.
 18234 | Lair:2   | 18234 ||| READING scroll of enchant armour.
 18234 | Lair:2   | 18234 ||| ENCHANTING +1 plate armour.
 18280 | Lair:2   | 18280 ||| Stepping ~*~*~tactically~*~*~ (stealth).
 18549 | Lair:2   | 18549 ||| Stepping ~*~*~tactically~*~*~ (hiding).
 18552 | Lair:2   | Reached skill level 3 in Throwing
 18681 | Lair:2   | 18681 ||| Stepping ~*~*~tactically~*~*~ (stealth).
 18683 | Lair:2   | 18683 ||| Stepping ~*~*~tactically~*~*~ (hiding).
 18787 | Lair:2   | Found a runed translucent door.
 18789 | Lair:2   | Noticed qw's ghost (journeyman TeWr)
 18827 | Lair:2   | 18827 ||| Stepping ~*~*~tactically~*~*~ (stealth).
 18856 | Lair:2   | Found a staircase to the Shoals.
 18914 | Lair:2   | Found a staircase to the Snake Pit.
 18929 | Lair:2   | Received a gift from Okawaru
 18930 | Lair:2   | Reached skill level 15 in Axes
 19083 | Lair:2   | 19083 ||| Stepping ~*~*~tactically~*~*~ (stealth).
 19085 | Lair:2   | 19085 ||| Stepping ~*~*~tactically~*~*~ (stealth).
 19088 | Lair:2   | 19088 ||| Stepping ~*~*~tactically~*~*~ (stealth).
 19236 | Lair:2   | 19236 ||| READING scroll labelled ZAOSOX FUTT.
 19245 | Lair:3   | 19245 ||| INVOKING Heroism.
 19246 | Lair:3   | 19246 ||| Stepping ~*~*~tactically~*~*~ (stealth).
 19247 | Lair:3   | 19247 ||| Stepping ~*~*~tactically~*~*~ (stealth).
 19334 | Lair:3   | 19334 ||| Stepping ~*~*~tactically~*~*~ (stealth).
 19335 | Lair:3   | 19335 ||| INVOKING Heroism.
 19336 | Lair:3   | 19336 ||| INVOKING Finesse.
 19338 | Lair:3   | 19338 ||| Stepping ~*~*~tactically~*~*~ (stealth).
 19376 | Lair:3   | Identified the +5 broad axe of Ezaxaich {vamp, +Blink rPois
                  | Int+5 SInv} (Okawaru gifted it to you on level 3 of the
                  | Lair of Beasts)
 19376 | Lair:3   | Received a gift from Okawaru
 19558 | Lair:3   | 19558 ||| SWAPPING to +5 broad axe of Ezaxaich {vamp,
                  | +Blink rPois Int+5 SInv}.
 19559 | Lair:3   | 19559 ||| DROPPING +4 war axe of freezing.
 19668 | Lair:3   | 19668 ||| INVOKING Heroism.
 19721 | Lair:3   | 19721 ||| INVOKING Heroism.
 19846 | Lair:3   | 19846 ||| INVOKING Heroism.
 19896 | Lair:3   | 19896 ||| INVOKING Heroism.
 20064 | Lair:3   | 20064 ||| INVOKING Heroism.
 20065 | Lair:3   | 20065 ||| INVOKING Finesse.
 20068 | Lair:3   | 20068 ||| SWAPPING to +0 morningstar.
 20078 | Lair:3   | 20078 ||| SWAPPING to +5 broad axe of Ezaxaich {vamp,
                  | +Blink rPois Int+5 SInv}.
 20517 | Lair:4   | 20517 ||| INVOKING Heroism.
 20562 | Lair:4   | 20562 ||| INVOKING Heroism.
 20580 | Lair:4   | You are sucked into a shaft and drop 1 floor!
 20580 | Lair:5   | Entered Level 5 of the Lair of Beasts
 20582 | Lair:5   | 20582 ||| Stepping ~*~*~tactically~*~*~ (stealth).
 20584 | Lair:5   | 20584 ||| Stepping ~*~*~tactically~*~*~ (stealth).
 20668 | Lair:5   | 20668 ||| INVOKING Heroism.
 20688 | Lair:5   | Reached skill level 16 in Axes
 20693 | Lair:5   | 20693 ||| INVOKING Heroism.
 20789 | Lair:5   | 20789 ||| INVOKING Heroism.
 20795 | Lair:5   | 20795 ||| Stepping ~*~*~tactically~*~*~ (hiding).
 20802 | Lair:5   | Identified the +1 pair of gloves of Quantum Leap {rF+ rN+
                  | SInv} (Okawaru gifted it to you on level 5 of the Lair of
                  | Beasts)
 20802 | Lair:5   | Received a gift from Okawaru
 20947 | Lair:5   | Reached XP level 14. HP: 77/84 MP: 22/22
 21025 | Lair:5   | 21025 ||| UPGRADING to +1 pair of gloves of Quantum Leap
                  | {rF+ rN+ SInv}.
 21030 | Lair:5   | 21030 ||| READING 2 scrolls of identify.
 21030 | Lair:5   | 21030 ||| IDENTIFYING metallic green potion
 21040 | Lair:4   | 21040 ||| Stepping ~*~*~tactically~*~*~ (stealth).
 21041 | Lair:4   | 21041 ||| INVOKING Heroism.
 21081 | Lair:4   | 21081 ||| Stepping ~*~*~tactically~*~*~ (stealth).
 21091 | Lair:4   | Reached skill level 9 in Armour
 21092 | Lair:4   | 21092 ||| INVOKING Heroism.
 21105 | Lair:4   | 21105 ||| Stepping ~*~*~tactically~*~*~ (stealth).
 21148 | Lair:4   | 21148 ||| INVOKING Heroism.
 21229 | Lair:4   | 21229 ||| Stepping ~*~*~tactically~*~*~ (hiding).
 21231 | Lair:4   | 21231 ||| INVOKING Heroism.
 21259 | Lair:4   | 21259 ||| Stepping ~*~*~tactically~*~*~ (stealth).
 21264 | Lair:4   | 21264 ||| INVOKING Heroism.
 21283 | Lair:4   | 21283 ||| Stepping ~*~*~tactically~*~*~ (stealth).
 21289 | Lair:4   | 21289 ||| Stepping ~*~*~tactically~*~*~ (stealth).
 21292 | Lair:4   | 21292 ||| Stepping ~*~*~tactically~*~*~ (stealth).
 21301 | Lair:4   | 21301 ||| Stepping ~*~*~tactically~*~*~ (stealth).
 21318 | Lair:4   | 21318 ||| INVOKING Finesse.
 21319 | Lair:4   | 21319 ||| SWAPPING to +0 morningstar.
 21325 | Lair:4   | 21325 ||| SWAPPING to +5 broad axe of Ezaxaich {vamp,
                  | +Blink rPois Int+5 SInv}.
 21341 | Lair:4   | 21341 ||| INVOKING Heroism.
 21466 | Lair:4   | 21466 ||| INVOKING Heroism.
 21467 | Lair:4   | 21467 ||| INVOKING Finesse.
 21469 | Lair:4   | 21469 ||| SWAPPING to +0 morningstar.
 21481 | Lair:4   | Reached skill level 17 in Axes
 21481 | Lair:4   | 21481 ||| SWAPPING to +5 broad axe of Ezaxaich {vamp,
                  | +Blink rPois Int+5 SInv}.
 21501 | Lair:4   | 21501 ||| Stepping ~*~*~tactically~*~*~ (stealth).
 21503 | Lair:4   | 21503 ||| Stepping ~*~*~tactically~*~*~ (stealth).
 21589 | Lair:4   | 21589 ||| Stepping ~*~*~tactically~*~*~ (stealth).
 21592 | Lair:4   | 21592 ||| Stepping ~*~*~tactically~*~*~ (stealth).
 21606 | Lair:4   | 21606 ||| INVOKING Heroism.
 21671 | Lair:4   | Identified the +6 hand axe "Oheyppogh" {vorpal, rElec
                  | Str+2}
 21672 | Lair:4   | 21672 ||| Stepping ~*~*~tactically~*~*~ (stealth).
 21783 | Lair:4   | 21783 ||| INVOKING Heroism.
 22043 | Lair:4   | 22043 ||| Stepping ~*~*~tactically~*~*~ (stealth).
 22151 | Lair:4   | 22151 ||| INVOKING Heroism.
 22166 | Lair:4   | Reached skill level 9 in Fighting
 22171 | Lair:4   | 22171 ||| Stepping ~*~*~tactically~*~*~ (hiding).
 22171 | Lair:4   | Found a staircase to the Slime Pits.
 22178 | Lair:4   | 22178 ||| DRINKING potion of cancellation.
 22194 | Lair:4   | Found a viscous altar of Jiyva.
 22602 | Lair:4   | 22602 ||| READING scroll labelled SUANE NIRICS.
 22652 | Lair:5   | 22652 ||| INVOKING Heroism.
 22654 | Lair:5   | 22654 ||| Stepping ~*~*~tactically~*~*~ (stealth).
 22655 | Lair:5   | 22655 ||| Stepping ~*~*~tactically~*~*~ (stealth).
 22656 | Lair:5   | 22656 ||| Stepping ~*~*~tactically~*~*~ (stealth).
 22761 | Lair:5   | 22761 ||| INVOKING Heroism.
 22769 | Lair:5   | Received a gift from Okawaru
 22862 | Lair:5   | 22862 ||| Stepping ~*~*~tactically~*~*~ (stealth).
 22870 | Lair:5   | 22870 ||| INVOKING Heroism.
 22902 | Lair:5   | 22902 ||| Stepping ~*~*~tactically~*~*~ (stealth).
 22903 | Lair:5   | 22903 ||| Stepping ~*~*~tactically~*~*~ (stealth).
 22908 | Lair:5   | 22908 ||| Stepping ~*~*~tactically~*~*~ (stealth).
 22927 | Lair:5   | 22927 ||| INVOKING Heroism.
 22949 | Lair:5   | 22949 ||| INVOKING Heroism.
 22959 | Lair:5   | 22959 ||| INVOKING Finesse.
 23010 | Lair:5   | 23010 ||| Stepping ~*~*~tactically~*~*~ (cloud).
 23017 | Lair:5   | 23017 ||| Stepping ~*~*~tactically~*~*~ (hiding).
 23019 | Lair:5   | 23019 ||| Stepping ~*~*~tactically~*~*~ (hiding).
 23020 | Lair:5   | 23020 ||| INVOKING Heroism.
 23069 | Lair:5   | 23069 ||| Stepping ~*~*~tactically~*~*~ (stealth).
 23084 | Lair:5   | 23084 ||| Stepping ~*~*~tactically~*~*~ (stealth).
 23086 | Lair:5   | 23086 ||| INVOKING Heroism.
 23087 | Lair:5   | 23087 ||| Stepping ~*~*~tactically~*~*~ (stealth).
 23090 | Lair:5   | 23090 ||| INVOKING Finesse.
 23098 | Lair:5   | Reached skill level 18 in Axes
 23165 | Lair:5   | 23165 ||| Stepping ~*~*~tactically~*~*~ (stealth).
 23167 | Lair:5   | 23167 ||| INVOKING Heroism.
 23234 | Lair:5   | 23234 ||| Stepping ~*~*~tactically~*~*~ (stealth).
 23236 | Lair:5   | 23236 ||| INVOKING Heroism.
 23237 | Lair:5   | 23237 ||| INVOKING Finesse.
 23250 | Lair:5   | Received a gift from Okawaru
 23257 | Lair:5   | 23257 ||| Stepping ~*~*~tactically~*~*~ (stealth).
 23266 | Lair:5   | 23266 ||| Stepping ~*~*~tactically~*~*~ (stealth).
 23293 | Lair:5   | 23293 ||| Stepping ~*~*~tactically~*~*~ (stealth).
 23296 | Lair:5   | 23296 ||| INVOKING Heroism.
 23311 | Lair:5   | 23311 ||| Stepping ~*~*~tactically~*~*~ (stealth).
 23435 | Lair:5   | Identified the +12 arbalest of Sifuuf {penet, rC+ Dex+4}
 23701 | Lair:5   | 23701 ||| PLANNING D
 23701 | Lair:5   | 23701 ||| READING scroll labelled QUUDWI FEODWE.
 23807 | Lair:5   | Reached XP level 15. HP: 88/90 MP: 23/23
 24111 | D:12     | 24111 ||| INVOKING Heroism.
 24349 | D:12     | 24349 ||| READING scroll of enchant armour.
 24349 | D:12     | 24349 ||| ENCHANTING +2 plate armour.
 24395 | D:12     | 24395 ||| Stepping ~*~*~tactically~*~*~ (stealth).
 24493 | D:12     | 24493 ||| INVOKING Heroism.
 24505 | D:12     | Reached skill level 6 in Dodging
 24582 | D:12     | 24582 ||| Stepping ~*~*~tactically~*~*~ (stealth).
 24700 | D:12     | Found the +1 robe of Vines {NoPotionHeal Regen++++}
 24799 | D:12     | 24799 ||| Stepping ~*~*~tactically~*~*~ (stealth).
 24802 | D:12     | 24802 ||| Stepping ~*~*~tactically~*~*~ (stealth).
 24896 | D:12     | 24896 ||| INVOKING Heroism.
 24897 | D:12     | 24897 ||| INVOKING Finesse.
 24900 | D:12     | 24900 ||| SWAPPING to +0 morningstar.
 24908 | D:12     | Received a gift from Okawaru
 24909 | D:12     | 24909 ||| SWAPPING to +5 broad axe of Ezaxaich {vamp,
                  | +Blink rPois Int+5 SInv}.
 25000 | D:12     | 25000 ||| READING 2 scrolls of identify.
 25000 | D:12     | 25000 ||| IDENTIFYING puce potion
 25029 | D:13     | 25029 ||| FLEEEEING.
 25030 | D:13     | 25030 ||| FLEEEEING.
 25031 | D:13     | 25031 ||| STAIRDANCE
 25056 | D:13     | 25056 ||| Stepping ~*~*~tactically~*~*~ (hiding).
 25057 | D:13     | 25057 ||| Stepping ~*~*~tactically~*~*~ (hiding).
 25102 | D:13     | Noticed Sonja
 25104 | D:13     | 25104 ||| INVOKING Finesse.
 25113 | D:13     | 25113 ||| INVOKING Heroism.
 25115 | D:13     | Killed Sonja
 25202 | D:13     | 25202 ||| Stepping ~*~*~tactically~*~*~ (stealth).
 25205 | D:13     | 25205 ||| Stepping ~*~*~tactically~*~*~ (stealth).
 25213 | D:13     | 25213 ||| Stepping ~*~*~tactically~*~*~ (stealth).
 25314 | D:13     | 25314 ||| INVOKING Heroism.
 25315 | D:13     | 25315 ||| SWAPPING to +0 morningstar.
 25320 | D:13     | 25320 ||| SWAPPING to +5 broad axe of Ezaxaich {vamp,
                  | +Blink rPois Int+5 SInv}.
 25322 | D:13     | 25322 ||| SWAPPING to +0 morningstar.
 25325 | D:13     | HP: 21/90 [meliai/divine providence (9)]
 25326 | D:13     | 25326 ||| READING 5 scrolls of teleportation.
 25327 | D:13     | 25327 ||| DRINKING 3 potions of heal wounds.
 25328 | D:13     | 25328 ||| Stepping ~*~*~tactically~*~*~ (outnumbered).
 25331 | D:13     | 25331 ||| SWAPPING to +5 broad axe of Ezaxaich {vamp,
                  | +Blink rPois Int+5 SInv}.
 25438 | D:13     | 25438 ||| INVOKING Heroism.
 25452 | D:13     | Received a gift from Okawaru
 25520 | D:13     | 25520 ||| Stepping ~*~*~tactically~*~*~ (stealth).
 25767 | D:13     | 25767 ||| INVOKING Heroism.
 25799 | D:13     | 25799 ||| Stepping ~*~*~tactically~*~*~ (stealth).
 25851 | D:13     | 25851 ||| INVOKING Heroism.
 25947 | D:13     | 25947 ||| INVOKING Heroism.
 26182 | D:13     | 26182 ||| INVOKING Heroism.
 26186 | D:13     | 26186 ||| SWAPPING to +0 morningstar.
 26196 | D:13     | 26196 ||| SWAPPING to +5 broad axe of Ezaxaich {vamp,
                  | +Blink rPois Int+5 SInv}.
 26484 | D:14     | 26484 ||| INVOKING Heroism.
 26518 | D:14     | Paralysed by an ogre mage for 3 turns
 26521 | D:14     | HP: 19/92 [ogre/+0 giant spiked club (12)]
 26522 | D:14     | 26522 ||| READING 4 scrolls of teleportation.
 26523 | D:14     | 26523 ||| DRINKING 2 potions of heal wounds.
 26742 | D:14     | 26742 ||| INVOKING Heroism.
 26771 | D:14     | 26771 ||| Stepping ~*~*~tactically~*~*~ (stealth).
 26775 | D:14     | 26775 ||| Stepping ~*~*~tactically~*~*~ (stealth).
 26800 | D:14     | Found a gate to the Vaults.
 27079 | D:14     | 27079 ||| INVOKING Heroism.
 27082 | D:14     | Reached skill level 6 in Throwing
 27156 | D:14     | Identified the +2 broad axe of Heg Etho {vorpal, SInv}
                  | (Okawaru gifted it to you on level 14 of the Dungeon)
 27156 | D:14     | Received a gift from Okawaru
 27170 | D:14     | Noticed Rupert
 27171 | D:14     | 27171 ||| Stepping ~*~*~tactically~*~*~ (stealth).
 27174 | D:14     | 27174 ||| INVOKING Heroism.
 27175 | D:14     | 27175 ||| INVOKING Finesse.
 27178 | D:14     | 27178 ||| Stepping ~*~*~tactically~*~*~ (hiding).
 27200 | D:14     | Killed Rupert
 27332 | D:14     | 27332 ||| Stepping ~*~*~tactically~*~*~ (stealth).
 27333 | D:14     | 27333 ||| Stepping ~*~*~tactically~*~*~ (stealth).
 27334 | D:14     | 27334 ||| Stepping ~*~*~tactically~*~*~ (stealth).
 27628 | D:14     | 27628 ||| Stepping ~*~*~tactically~*~*~ (hiding).
 27935 | D:14     | 27935 ||| READING 2 scrolls of identify.
 27935 | D:14     | 27935 ||| IDENTIFYING fizzy green potion
 27936 | D:14     | 27936 ||| DROPPING potion of berserk rage.
 27990 | D:15     | Entered Level 15 of the Dungeon
 28007 | D:15     | 28007 ||| INVOKING Heroism.
 28026 | D:15     | Received a gift from Okawaru
 28033 | D:15     | Paralysed by an ogre mage for 5 turns
 28034 | D:15     | HP: 12/94 [two-headed ogre/+0 giant club (23)]
 28036 | D:15     | Slain by a two-headed ogre

Levels and vault maps discovered:
D:1:      dpeg_arrival_connections, layout_loops_ring, minmay_lizard_pond
D:2:      layout_loops_corners, nicolae_ecumenical_lake_church, st_stairs_13,
          minmay_goblin_outpost
D:3:      layout_basic, nicolae_overflow_ecumenical_swirl,
          mainiacjoe_overflow_24_doors, minmay_misc_feat_x
D:4:      nicolae_cairo_tiling_large, layout_basic, temple_statues,
          minmay_unequal
D:5:      layout_basic, serial_shops, shop
D:6:      layout_basic, minmay_misc_feat_plants,
          nicolae_concentric_dashed_squares_wild, minivault_14, uniq_pikel
D:7:      layout_basic, grunt_temple_overflow_order_and_chaos_2,
          mainiacjoe_overflow_cross_hatched, kennysheep_mini, water_maze_lemuel
D:8:      layout_basic
D:9:      layout_layer_cave
D:10:     layout_loops_corners, fedhas_altar_fruit_tree, enter_bailey_5,
          uniq_erica
D:11:     layout_small_grid, david_lair_shrubbed, orc_0_dummy
D:12:     layout_irregular_city, chequers_mini_garden,
          hellmonk_guarded_unrand_vines
D:13:     layout_irregular_city, hellmonk_bongcloud_opening, uniq_sonja
D:14:     layout_basic, hangedman_vaults_entry_quadrant_bands,
          kennysheep_pointless_box, uniq_rupert
D:15:     grunt_enter_depths_hoard, layout_cave_pools, serial_park_paths
          [serial_park_minivault_5x5_3], minmay_hedge_maze, led_sif_pool
Temple:   regret_index_temple_generic_petals
Lair:1:   layout_cellular_growth, special_room [special_room_bee]
Lair:2:   layout_loops_ring, minmay_shoals_entry_centaurs,
          ebering_ghost_inner_flame, grunt_megastairs_2, serial_bayou_shore_b,
          infiniplex_staircase_pool
Lair:3:   layout_regular_city, serial_rivers, chequers_serial_rivers_large_b,
          chequers_serial_rivers_room_a, chequers_serial_rivers_micro_a,
          chequers_serial_rivers_small_3, chequers_serial_rivers_small_a,
          grunt_megastairs_1, infiniplex_staircase_pool_2
Lair:4:   regret_index_bee_streams, layout_regular_city, slime_entry_1
Lair:5:   minmay_lair_end_enchanted_forest, layout_regular_city

Skill      XL: |  1  2  3  4  5  6  7  8  9 10 11 12 13 14 15 |
---------------+----------------------------------------------+-----
Axes           | 3 4 5 6 7 8 10 11 12 13 14 16 18 | 18.0
Fighting       | 3 4 5 6 7 8 9 11 | 11.0
Invocations    | 1 3 4 5 8 10 | 10.0
Armour         | 2 3 4 6 7 8 10 11 | 11.0
Dodging        | 3 4 6 |  6.1
Shields        | 3 7 8 9 10 11 | 11.0
Throwing       | 2 5 7 |  7.7
Spellcasting   | |  2.0
Translocations | |  2.4

Action                   |  1- 3 |  4- 6 |  7- 9 | 10-12 | 13-15 || total
-------------------------+-------+-------+-------+-------+-------++-------
Melee: Hand axe          |   107 |    33 |       |       |       ||   140
       Peck              |    12 |    22 |    27 |    96 |   267 ||   424
       Kick              |    18 |    29 |    51 |   142 |   432 ||   672
       War axe           |       |    88 |   194 |   477 |   128 ||   887
       Punch             |       |     2 |     5 |       |       ||     7
       Unarmed           |       |       |       |    21 |       ||    21
       Morningstar       |       |       |       |     3 |    52 ||    55
       Broad axe         |       |       |       |       |   970 ||   970
Throw: Boomerang         |     7 |     1 |    28 |    84 |    73 ||   193
       Javelin           |       |       |       |       |    61 ||    61
Invok: Heroism           |       |     1 |    18 |    33 |    48 ||   100
       Finesse           |       |       |       |     3 |    11 ||    14
  Use: Scroll            |     2 |     8 |     6 |     7 |    10 ||    33
       Potion            |     1 |       |       |     1 |     3 ||     5
Armor: Leather armour    |    13 |    14 |       |       |       ||    27
       Scale mail        |       |    22 |    28 |       |       ||    50
       Chain mail        |       |       |    46 |       |       ||    46
       Plate armour      |       |       |     4 |   181 |   309 ||   494
Dodge: Dodged            |    63 |    59 |    94 |   165 |   383 ||   764
Block: Kite shield       |       |       |     3 |   322 |   886 ||  1211
       Reflection        |       |       |       |     2 |    29 ||    31

Table legend:
 A = Non-vault XP
 B = Vault XP
 C = Vault XP percentage of total XP
 D = Non-vault monster count
 E = Vault monster count
 F = Vault count percentage of total count
                 A         B        C        D         E       F
            +---------+---------+-------+---------+---------+-------
      Total |   93053 |   34415 |  27.0 |     463 |     187 |  28.8
            +---------+---------+-------+---------+---------+-------
        D:1 |      40 |       9 |  18.4 |      23 |       9 |  28.1
        D:2 |      37 |      18 |  32.7 |       9 |       8 |  47.1
        D:3 |     100 |       0 |   0.0 |      21 |       0 |   0.0
        D:4 |     263 |     109 |  29.3 |      21 |       3 |  12.5
        D:5 |     550 |       0 |   0.0 |      17 |       0 |   0.0
        D:6 |     922 |     629 |  40.6 |      19 |       1 |   5.0
        D:7 |    1607 |       0 |   0.0 |      22 |       0 |   0.0
        D:8 |    1656 |       0 |   0.0 |      19 |       0 |   0.0
        D:9 |    3997 |       0 |   0.0 |      34 |       0 |   0.0
       D:10 |    2512 |     863 |  25.6 |      12 |       5 |  29.4
       D:11 |    5257 |     355 |   6.3 |      33 |       1 |   2.9
       D:12 |    5784 |    1157 |  16.7 |      25 |       2 |   7.4
       D:13 |    7330 |     788 |   9.7 |      16 |       1 |   5.9
       D:14 |    8678 |    8994 |  50.9 |      22 |      20 |  47.6
       D:15 |    7998 |       0 |   0.0 |      13 |       0 |   0.0
     Lair:1 |   10039 |    1897 |  15.9 |      37 |      27 |  42.2
     Lair:2 |    4658 |    1016 |  17.9 |      21 |       6 |  22.2
     Lair:3 |   12442 |     425 |   3.3 |      31 |       1 |   3.1
     Lair:4 |   11065 |    9424 |  46.0 |      38 |      55 |  59.1
     Lair:5 |    8118 |    8731 |  51.8 |      30 |      48 |  61.5
            +---------+---------+-------+---------+---------+-------
